 Dungeon Crawl Stone Soup version 0.25-a0-35-g747a2b3c0c (webtiles) character file.

Game seed: 13203295113909462092, levelgen mode: deterministic

3042 Flugkiller the Nimble (level 9, -4/94 HPs)
             Began as an Octopode Arcane Marksman on Oct 19, 2019.
             Was a Priest of Trog.
             Slain by a wyvern (5 damage)
             ... on level 8 of the Dungeon.
             The game lasted 00:11:28 (11030 turns).

Flugkiller the Nimble (Octopode Arcane Marksman)   Turns: 11030, Time: 00:11:28

Health: -4/94      AC:  1    Str: 15    XL:     9   Next: 86%
Magic:  12/12      EV: 19    Int: 16    God:    Trog [***...]
Gold:   272        SH:  0    Dex: 14    Spells: 9/12 levels left

rFire    . . .     SeeInvis +   i - +3 dire flail (crush)
rCold    . . .     Gourm    .   (shield currently unavailable)
rNeg     . . .     Faith    .   (helmet restricted)
rPois    .         Spirit   .   (no amulet)
rElec    .         Reflect  .   p - ring of see invisible
rCorr    .         Harm     .   (no ring)
MR       .....                  (no ring)
Stlth    ..........             (no ring)
HPRegen  0.25/turn              (no ring)
MPRegen  0.13/turn              (no ring)
                                (no ring)
                                (no ring)

@: berserking (expiring), very quick
A: almost no armour, stealthy swim, amphibious, 8 rings, constrict 8, camouflage
1, gelatinous body 1
a: Berserk, Trog's Hand, Renounce Religion


You were on level 8 of the Dungeon.
You worshipped Trog.
Trog was most pleased with you.
You were very hungry.

You visited 1 branch of the dungeon, and saw 8 of its levels.

You collected 399 gold pieces.
You spent 127 gold pieces at shops.

Inventory:

Hand Weapons
 a - a +4 hunting sling
   (You took it off Joseph on level 7 of the Dungeon)
 i - a +3 dire flail of crushing (weapon)
   (You took it off Edmund on level 5 of the Dungeon)
 C - a +2 hand axe of chopping
   (You took it off an orc priest on level 8 of the Dungeon)
Missiles
 c - 88 sling bullets
 f - 165 stones (quivered)
 j - 59 poisoned darts
 n - 4 throwing nets
Jewellery
 p - a ring of see invisible (left tentacle)
   (You took it off a hobgoblin on level 3 of the Dungeon)
Wands
 o - a wand of disintegration (8)
   (You took it off a kobold on level 3 of the Dungeon)
 w - a wand of flame (12)
   (You bought it in a shop on level 6 of the Dungeon)
 x - a wand of polymorph (10)
   (You took it off Joseph on level 7 of the Dungeon)
 D - a wand of paralysis (9)
   (You found it on level 8 of the Dungeon)
Scrolls
 b - 2 scrolls of immolation
 e - 5 scrolls of remove curse
 g - a scroll of magic mapping {unknown}
 q - 2 scrolls of fog
 r - a scroll of amnesia {unknown}
 u - a scroll of teleportation
 v - a scroll of enchant armour {unknown}
 y - a scroll of brand weapon {unknown}
Potions
 h - 2 potions of might
 k - a potion of ambrosia
 l - 3 potions of lignification
 m - 6 potions of curing
 s - a potion of haste
 t - 2 potions of brilliance
 z - a potion of magic {unknown}
 B - a potion of cancellation {unknown}
 E - a potion of invisibility {unknown}
Comestibles
 d - 12 rations
 A - 15 chunks of flesh


   Skills:
 + Level 6.8 Fighting
 + Level 0.6 Axes
 - Level 2.0 Slings
 + Level 9.6 Dodging
 - Level 2.0 Spellcasting
 - Level 5.0 Hexes
 - Level 5.1 Evocations


You had 9 spell levels left.
You knew the following spells:

 Your Spells              Type           Power        Failure   Level  Hunger
a - Corona                Hex            ###....      2%          1    #......
b - Slow                  Hex            ###.....     4%          2    ###....

Your spell library contained the following spells:

 Spells                   Type           Power        Failure   Level  Hunger
 Inner Flame              Hex/Fire       #.......     22%         3    ###....
 Portal Projectile        Hex/Tloc       #.....       22%         3    ###....
 Cause Fear               Hex            ###.......   26%         4    #####..
 Leda's Liquefaction      Hex/Erth       #.........   58%         4    #####..


Dungeon Overview and Level Annotations

Branches:
Dungeon (8/15)             Temple (0/1) D:5            Lair (0/6) D:8

Altars:
Dithmenos
Fedhas
Gozag
Kikubaaqudgha
Makhleb
Trog
Wu Jian
Yredelemnul
The Shining One

Shops:
D:6 *


Innate Abilities, Weirdness & Mutations

You cannot wear most types of armour.
You are very stealthy in the water. (Stealth+)
You are amphibious.
You can wear up to eight rings at the same time.
You can use your tentacles to constrict eight enemies at once.
Your skin changes colour to match your surroundings (Stealth+).
Your rubbery body absorbs attacks. (AC +1, EV +1)


Message History

You destroy the bullfrog zombie!
Trog accepts your kill.
Your life force feels restored.
You see here a shortbow.
You hit the orc. You grab the orc.
The orc is heavily wounded.
You constrict the orc.
You kill the orc!
Trog accepts your kill.
You see here a pair of boots.
You start resting.
A wyvern comes into view.
You are feeling hungry.
The wyvern hisses angrily.
The wyvern hisses menacingly.
A red film seems to cover your vision as you go berserk!
You feel yourself moving faster!
You feel mighty!
You are feeling very hungry.
The wyvern barely misses you.
You closely miss the wyvern. The wyvern bites you!
* * * LOW HITPOINT WARNING * * *
You hit the wyvern. Your squeeze misses the wyvern.
The wyvern is moderately wounded.
The wyvern bites you!
* * * LOW HITPOINT WARNING * * *
The wyvern closely misses you.
You closely miss the wyvern.
The wyvern is moderately wounded.
The wyvern bites you.
* * * LOW HITPOINT WARNING * * *
You barely miss the wyvern. Your squeeze misses the wyvern.
The wyvern is moderately wounded.
The wyvern misses you.
Unknown command.
You barely miss the wyvern. Your squeeze misses the wyvern.
The wyvern is moderately wounded.
The wyvern barely misses you.
Unknown command.
You puncture the wyvern!
The wyvern is almost dead.
The wyvern misses you. The wyvern bites you!
* * * LOW HITPOINT WARNING * * *
You barely miss the wyvern.
The wyvern is almost dead.
The wyvern bites you!
* * * LOW HITPOINT WARNING * * *
You barely miss the wyvern. Your squeeze misses the wyvern.
The wyvern is almost dead.
The wyvern bites you.
You die...

...oo..Z###)##
##.#.#.##
.#.#.#.##
##.###.##.##.#
..#
##.......##.#
###
##[###.#####.#
#..l....###.##
#.#####.#...##
#.# #.#####
########l#
#......@#
#.#####.# #.#
#.# #.# #.# ##
########.# ..#
#........# #.#
# #.####.###


You could see a wyvern.

Vanquished Creatures
  Joseph (D:7)
  Prince Ribbit (D:5)
  4 yaks (D:5)
  Edmund (D:5)
  A water moccasin (D:6)
  2 ice beasts (D:7)
  2 sky beasts
  An ogre (D:6)
  A centaur (D:5)
  2 bullfrogs
  A water moccasin skeleton (D:7)
  3 scorpions
  A crimson imp (D:5)
  A bullfrog zombie (D:8)
  2 orc priests
  3 hounds
  2 orc wizards
  9 worker ants
  A hound zombie (D:5)
  A worker ant zombie (D:8)
  11 gnolls
  13 adders
  2 shadow imps
  An ooze (D:4)
  6 worms
  2 dart slugs
  7 leopard geckos
  10 orcs
  A ball python (D:4)
  7 giant cockroaches
  10 goblins
  9 hobgoblins
  12 jackals
  6 kobolds
  3 quokkas
  9 bats
  4 frilled lizards
  A leopard gecko skeleton (D:7)
  2 quokka skeletons
  12 rats
168 creatures vanquished.

Notes
Turn   | Place    | Note
-------+----------+-------------------------------------------
     0 | D:1      | Flugkiller the Octopode Arcane Marksman began the quest for
                  | the Orb.
     0 | D:1      | Reached XP level 1. HP: 13/13 MP: 2/2
   193 | D:1      | Reached XP level 2. HP: 18/18 MP: 4/4
   727 | D:1      | You fall into a shaft and drop 1 floor!
  1055 | D:1      | Reached XP level 3. HP: 23/23 MP: 5/5
  2642 | D:2      | Learned a level 2 spell: Slow
  2857 | D:3      | Reached XP level 4. HP: 26/28 MP: 7/7
  3687 | D:3      | Reached skill level 5 in Hexes
  3976 | D:3      | Reached XP level 5. HP: 27/33 MP: 8/8
  4466 | D:3      | Found a faded altar of an unknown god.
  4478 | D:3      | Became a worshipper of Trog the Wrathful
  4478 | D:3      | Reached * piety under Trog
  5248 | D:4      | Reached skill level 3 in Dodging
  5417 | D:4      | Reached XP level 6. HP: 22/41 MP: 9/9
  5943 | D:4      | Found a blossoming altar of Fedhas.
  6416 | D:5      | Entered Level 5 of the Dungeon
  6440 | D:5      | Found a staircase to the Ecumenical Temple.
  6441 | D:5      | Noticed Edmund
  6448 | D:5      | Killed Edmund
  6448 | D:5      | Reached skill level 4 in Dodging
  6563 | D:5      | Noticed a sky beast
  6605 | D:5      | Killed a sky beast
  6605 | D:5      | Reached XP level 7. HP: 46/46 MP: 10/10
  6782 | D:5      | Reached skill level 5 in Dodging
  7122 | D:5      | Noticed Prince Ribbit
  7146 | D:5      | Killed Prince Ribbit
  7146 | D:5      | Reached ** piety under Trog
  7146 | D:5      | Reached XP level 8. HP: 4/52 MP: 11/11
  7443 | D:5      | Reached skill level 5 in Evocations
  7968 | D:6      | Found Athretu's Assorted Antiques.
  7990 | D:6      | Bought a wooden wand for 104 gold pieces
  7990 | D:6      | Bought an amethyst potion for 23 gold pieces
  7994 | D:6      | Noticed a yak
  7995 | D:6      | Noticed a yak
  8003 | D:6      | Noticed a yak
  8004 | D:6      | Noticed a yak
  8038 | D:5      | Killed a yak
  8173 | D:5      | Killed a yak
  8173 | D:5      | Reached skill level 6 in Dodging
  8264 | D:5      | Killed a yak
  8264 | D:5      | Reached skill level 5 in Fighting
  8478 | D:5      | Killed a yak
  8710 | D:6      | Reached skill level 7 in Dodging
  8710 | D:6      | Reached XP level 9. HP: 61/61 MP: 12/12
  9050 | D:6      | Found an ancient bone altar of Kikubaaqudgha.
  9054 | D:6      | Found a bloodstained altar of Trog.
  9055 | D:6      | Found a glowing golden altar of the Shining One.
  9056 | D:6      | Found a shadowy altar of Dithmenos.
  9056 | D:6      | Found a burning altar of Makhleb.
  9058 | D:6      | Found an ornate altar of the Wu Jian Council.
  9059 | D:6      | Found an opulent altar of Gozag.
  9061 | D:6      | Found a basalt altar of Yredelemnul.
  9436 | D:7      | Noticed Joseph
  9474 | D:7      | Reached skill level 8 in Dodging
 10115 | D:7      | Reached *** piety under Trog
 10342 | D:7      | Reached skill level 9 in Dodging
 10601 | D:7      | Killed Joseph
 10828 | D:8      | Found a staircase to the Lair.
 11029 | D:8      | HP: 1/94 [wyvern (11)]
 11030 | D:8      | Slain by a wyvern

Levels and vault maps discovered:
D:1:      onia_arrival_larder, layout_basic
D:2:      layout_basic
D:3:      layout_basic, chequers_ecumenical_altar_simple_redux, kennysheep_boxes
D:4:      layout_loops_ring, first_ration, fedhas_altar_fruit_tree
D:5:      layout_basic, minmay_temple_entry_hall, uniq_prince_ribbit1,
          uniq_edmund
D:6:      layout_rooms, minitemple, serial_shops, nicolae_shop_window_shopping
D:7:      layout_gridville, uniq_joseph
D:8:      layout_loops_ring, lair_entry_dummy, hangedman_ranch
          [blue_anna_fruit_fields]

Skill      XL: |  1  2  3  4  5  6  7  8  9 |
---------------+----------------------------+-----
Spellcasting   | 2 |  2.0
Hexes          | 4 5 |  5.0
Fighting       | 2 3 5 6 |  6.8
Dodging        | 3 4 5 7 9 |  9.6
Evocations     | 4 5 |  5.1
Axes           | |  0.6
Slings         | |  2.0

Action                   |  1- 3 |  4- 6 |  7- 9 || total
-------------------------+-------+-------+-------++-------
Melee: Unarmed           |   159 |   179 |       ||   338
       Constrict         |    41 |    40 |    44 ||   125
       Tentacles         |    32 |    42 |    34 ||   108
       Dire flail        |       |     9 |   191 ||   200
 Fire: Hunting sling     |       |     3 |       ||     3
Throw: Stone             |       |     1 |     2 ||     3
 Cast: Slow              |     1 |    15 |       ||    16
       Corona            |     1 |     8 |       ||     9
Invok: Berserk           |       |     3 |    10 ||    13
Evoke: Wand              |       |       |     4 ||     4
  Use: Scroll            |     1 |     6 |     5 ||    12
 Stab: Sleeping          |    10 |     3 |     6 ||    19
  Eat: Chunk             |     6 |    13 |    22 ||    41
       Ration            |       |     1 |       ||     1
Armor: Skin              |    14 |     9 |     6 ||    29
Dodge: Dodged            |   102 |   110 |   183 ||   395

Table legend:
 A = Non-vault XP
 B = Vault XP
 C = Vault XP percentage of total XP
 D = Non-vault monster count
 E = Vault monster count
 F = Vault count percentage of total count
                 A         B        C        D         E       F
            +---------+---------+-------+---------+---------+-------
      Total |    3418 |     928 |  21.4 |     160 |       8 |   4.8
            +---------+---------+-------+---------+---------+-------
        D:1 |      25 |       6 |  19.4 |      15 |       5 |  25.0
        D:2 |      50 |       0 |   0.0 |      22 |       0 |   0.0
        D:3 |     164 |       0 |   0.0 |      36 |       0 |   0.0
        D:4 |     142 |       0 |   0.0 |      14 |       0 |   0.0
        D:5 |    1430 |     467 |  24.6 |      22 |       2 |   8.3
        D:6 |     494 |       0 |   0.0 |      14 |       0 |   0.0
        D:7 |     846 |     455 |  35.0 |      23 |       1 |   4.2
        D:8 |     267 |       0 |   0.0 |      14 |       0 |   0.0
            +---------+---------+-------+---------+---------+-------
